 Dungeon Crawl Stone Soup version 0.18-a0-1088-g34ef3a2 (webtiles) character file.

26 lysy the Chucker (level 3, -1/36 HPs)
             Began as an Ogre Hunter on Jan 15, 2016.
             Succumbed to an adder's poison
             ... on level 1 of the Dungeon.
             The game lasted 00:02:14 (1453 turns).

lysy the Chucker (Ogre Hunter)                      Turns: 1453, Time: 00:02:14

Health: -1/36      AC:  4    Str: 18    XL:     3   Next: 8%
Magic:  3/3        EV: 10    Int: 10    God:
Gold:   45         SH:  0    Dex: 10    Spells: 0 memorised, 2 levels left

rFire  . . .     SeeInvis .     g - +0 club
rCold  . . .     Gourm    .     b - +1 robe
rNeg   . . .     Faith    .     (no shield)
rPois  .         Spirit   .     (helmet restricted)
rElec  .         Dismiss  .     (no cloak)
rCorr  .         Reflect  .     (gloves unavailable)
SustAt .         Harm     .     (boots unavailable)
MR     .....                    (no amulet)
Stlth  +.........               (no ring)
                                (no ring)

@: lethally poisoned (-1 -> -14), not resistant to hostile enchantments, very
unstealthy
A: unfitting armour, tough skin 1
a: no special abilities


You were on level 1 of the Dungeon.
You were not hungry.

You visited 1 branch of the dungeon, and saw 2 of its levels.

You collected 45 gold pieces.


Innate Abilities, Weirdness & Mutations

You are too large for most types of armour.
You have tough skin (AC +1).


   Skills:
 - Level 2.6 Fighting
 + Level 2.2 Maces & Flails
 + Level 4.5 Throwing
 - Level 1.7 Dodging
 - Level 0.7 Stealth


You had 2 spell levels left.
You didn't know any spells.

Inventory:

Hand Weapons
 a - a +0 short sword
 g - a +0 club (weapon)
Missiles
 c - 5 large rocks {=f}
 d - 2 throwing nets {=f}
 e - 21 poisoned needles
 l - 24 stones (quivered)
Armour
 b - a +1 robe (worn)
Scrolls
 h - a scroll of recharging
 m - a scroll of amnesia {unknown}
Potions
 j - a potion of cure mutation {unknown}
 k - a potion of agility {unknown}
Comestibles
 f - a bread ration

Dungeon Overview and Level Annotations

Branches:
Dungeon (2/15)

Altars:

▒▒▒ ▒▒▒ ▒.▒▒▒▒▒▒▒▒▒▒▒▒.▒
▒..............▒
▒.▒▒▒▒▒▒▒▒▒▒▒▒.▒ ▒.▒ ▒.▒
▒▒▒▒▒▒▒▒▒▒▒▒▒.▒ ▒.▒
▒.....).......▒ ▒.▒
▒▒.▒▒▒▒▒▒▒▒▒▒▒▒▒▒▒▒▒▒▒▒ ▒.▒
▒.▒ ▒.KO.........▒ ▒.▒
▒.▒▒▒▒▒▒▒.▒▒▒▒▒▒▒▒▒▒.▒ ▒.▒
▒▒.......▒..K.........▒▒▒▒.▒▒
▒............>...............
▒▒.▒▒▒....(.....▒.▒▒▒▒▒▒▒▒.▒▒
▒.▒ ▒........▒▒▒..........▒
▒.▒ ▒...........▒▒▒▒▒▒▒▒▒▒▒
▒.▒ ▒............▒ ▒.▒
▒........▒..▒▒▒▒▒▒▒▒▒▒▒▒


You could see a kobold.


Message History

You miss the adder.
The adder is severely wounded.
You feel sick. The adder barely misses you.
You barely miss the adder.
The adder is severely wounded.
The adder bites you.
* * * LOW HITPOINT WARNING * * *
You are lethally poisoned!
The adder poisons you! The adder bites you.
* * * LOW HITPOINT WARNING * * *
You are more poisoned.
The adder poisons you!
You hit the adder.
You kill the adder!
Your Maces & Flails skill increases to level 2!
You have reached level 3!
Your experience leads to an increase in your attributes!
Increase (S)trength, (I)ntelligence, or (D)exterity?
You feel stronger. x2
* * * LOW HITPOINT WARNING * * *
You feel sick. The kobold barely misses you.
You hit the kobold but do no damage.
* * * LOW HITPOINT WARNING * * *
You feel sick. The kobold hits you but does no damage.
You barely miss the kobold.
* * * LOW HITPOINT WARNING * * *
You feel sick. The kobold hits you.
* * * LOW HITPOINT WARNING * * *
You hit the kobold but do no damage.
You die...

Action                   || total
-------------------------++-------
Melee: Club              ||    69
       Short sword       ||     2
Throw: Stone             ||     2
  Use: Scroll            ||     4
       Potion            ||     1
  Eat: Chunk             ||     2

Vault maps used:
D:1:      wheals_arrival_linesprint
D:2:      kennysheep_decorative_pillar

Notes
Turn   | Place    | Note
--------------------------------------------------------------
     0 | D:1      | lysy the Ogre Hunter began the quest for the Orb.
     0 | D:1      | Reached XP level 1. HP: 22/22 MP: 1/1
   377 | D:1      | Reached skill level 1 in Maces & Flails
   502 | D:1      | Reached XP level 2. HP: 27/29 MP: 2/2
  1450 | D:1      | Reached skill level 2 in Maces & Flails
  1450 | D:1      | Reached XP level 3. HP: 6/36 MP: 3/3
  1451 | D:1      | HP: 2/36 [poisoned by an adder]
  1453 | D:1      | Succumbed to an adder's poison

Vanquished Creatures
  An adder (D:1)
  A giant cockroach (D:1)
  5 goblins (D:1)
  3 hobgoblins (D:1)
  3 kobolds (D:1)
  2 bats (D:1)
  2 rats (D:1)
17 creatures vanquished.
